 Dungeon Crawl Stone Soup version 0.29.1-15-g9cfb28693d (webtiles) character file.

Game seed: 16550850498375940025

1707527 octoduck the Pyromancer (level 27, 234/240 HPs)
             Began as a Yellow Draconian Conjurer on Feb 18, 2023.
             Was a High Priest of Ashenzari.
             Escaped with the Orb
             ... and 4 runes on Mar 9, 2023!
             The game lasted 09:39:44 (129126 turns).

octoduck the Pyromancer (DrCj)                    Turns: 129126, Time: 09:39:45

Health: 234/240    AC: 19    Str: 10      XL:     27
Magic:  22/44      EV: 22    Int: 26 (30) God:    Ashenzari [*****.]
Gold:   4505       SH: 18    Dex: 17 (18) Spells: 1/60 levels left

rFire   + + .      SeeInvis +   u - +7 Singing Sword {vorpal, sonic wave, Bglg, Melee} (curse)
rCold   + . .      Faith    .   P - +4 kite shield of the Curse-Bearer {reflect, Elem, Evo} (curse)
rNeg    + . .      Spirit   .   (body armour unavailable)
rPois   +          Reflect  +   R - +1 hat "Submission of Ashenzari" {Elem, Range} (curse)
rElec   .          Harm     .   i - +2 cloak of the Eye in the Sky {Cun, Bglg} (curse)
rCorr   +          Rampage  .   I - +0 pair of fencer's gloves {Riposte Dex+3, Cun, Bglg} (curse)
Will    +++..      Clarity  +   U - +0 pair of boots of the Sublime Burden {Elem, Bglg} (curse)
Stlth   +.........              M - amulet of Ashenzari's Loss {RegenMP, Cun, Comp} (curse)
HPRegen 0.50/turn               G - ring "Chained With Me" {rC+ Will+ rCorr Int+6, Melee, Comp} (curse)
MPRegen 0.69/turn               q - ring "Dyeri Voi" {rPois rF++ rN+ Int-4 Dex+3}

@: very slightly contaminated, studying Short Blades
A: spit acid, AC +13, unfitting armour, acidic bite, cold-blooded, acid
resistance, antennae 1, clumsy 1, screaming 1, subdued magic 1, noise
suppression
0: Orb of Zot
}: 4/15 runes: serpentine, barnacled, slimy, silver
a: Breathe Acid, Renounce Religion, Curse Item, Shatter the Chains


You escaped.
You worshipped Ashenzari.
Ashenzari was extremely pleased with you.
You visited 12 branches of the dungeon, and saw 56 of its levels.
You visited 1 bazaar.
You also visited: Ossuary.

You collected 9385 gold pieces.
You spent 4880 gold pieces at shops.

Inventory:

Hand Weapons
 u - the cursed +7 Singing Sword (weapon) {vorpal, sonic wave, Bglg, Melee}
   (You found it on level 5 of the Dungeon)

   It inflicts extra damage upon your enemies.
   It radiates damaging sonic waves as it strikes, especially in combat
   involving dangerous or numerous foes.
   It has a curse which improves the following skills: Beguiling: Conjurations,
   Hexes and Translocations.
   Melee Combat: Short Blades, Long Blades, Axes, Maces & Flails, Polearms,
   Staves and Unarmed Combat.
Missiles
 H - 3 throwing nets
Armour
 i - the cursed +2 cloak of the Eye in the Sky (worn) {Cun, Bglg}
   (You took it off Nikola on level 2 of the Shoals)

   It has a curse which improves the following skills: Cunning: Dodging and
   Stealth.
   Beguiling: Conjurations, Hexes and Translocations.
 I - the cursed +0 pair of fencer's gloves (worn) {Riposte Dex+3, Cun, Bglg}
   (You bought it in a shop on level 1 of the Elven Halls)

   It allows the wearer to riposte with melee weapons, swiftly retaliating
   against missed or blocked melee attacks.
   Dex:       It affects your dexterity (+3).
   It has a curse which improves the following skills: Cunning: Dodging and
   Stealth.
   Beguiling: Conjurations, Hexes and Translocations.
 P - the cursed +4 kite shield of the Curse-Bearer (worn) {reflect, Elem, Evo}
   (You found it on level 2 of the Depths)

   It has a curse which improves the following skills: Elements: Fire Magic, Ice
   Magic, Air Magic and Earth Magic.
   Evocations: Evocations.
 R - the cursed +1 hat "Submission of Ashenzari" (worn) {Elem, Range}
   (You bought it in a shop on level 1 of the Elven Halls)

   It has a curse which improves the following skills: Elements: Fire Magic, Ice
   Magic, Air Magic and Earth Magic.
   Ranged Combat: Ranged Weapons and Throwing.
 U - the cursed +0 pair of boots of the Sublime Burden (worn) {Elem, Bglg}
   (You bought it in a shop on level 2 of the Orcish Mines)

   It has a curse which improves the following skills: Elements: Fire Magic, Ice
   Magic, Air Magic and Earth Magic.
   Beguiling: Conjurations, Hexes and Translocations.
Jewellery
 q - the ring "Dyeri Voi" (right hand) {rPois rF++ rN+ Int-4 Dex+3}
   (You found it on level 3 of the Snake Pit)

   [ring of poison resistance]

   Int:       It affects your intelligence (-4).
   Dex:       It affects your dexterity (+3).
   rF:        It greatly protects you from fire.
   rPois:     It protects you from poison.
   rN:        It protects you from negative energy.
 G - the cursed ring "Chained With Me" (left hand) {rC+ Will+ rCorr Int+6, Melee, Comp}
   (You bought it in a shop on level 5 of the Dungeon)

   [ring of intelligence]

   Int:       It affects your intelligence (+6).
   rC:        It protects you from cold.
   rCorr:     It protects you from acid and corrosion.
   Will:      It increases your willpower.
   It has a curse which improves the following skills: Melee Combat: Short
   Blades, Long Blades, Axes, Maces & Flails, Polearms, Staves and Unarmed
   Combat.
   Companions: Summonings and Necromancy.
 M - the cursed amulet of Ashenzari's Loss (around neck) {RegenMP, Cun, Comp}
   (You bought it in a shop on level 5 of the Dungeon)

   [amulet of magic regeneration]

   It increases your rate of magic regeneration.
   It has a curse which improves the following skills: Cunning: Dodging and
   Stealth.
   Companions: Summonings and Necromancy.
 Q - the ring of Kumeic {rC++ Str+6 Int+3}
   (You took it off a deep elf demonologist on level 3 of the Elven Halls)

   [ring of strength]

   Str:       It affects your strength (+6).
   Int:       It affects your intelligence (+3).
   rC:        It greatly protects you from cold.
 T - the ring "Wune" {rElec rPois Will+ Dex-2}
   (You took it off a yaktaur captain on level 5 of the Vaults)

   [ring of willpower]

   Dex:       It affects your dexterity (-2).
   rElec:     It insulates you from electricity.
   rPois:     It protects you from poison.
   Will:      It increases your willpower.
 V - the ring "Xonnecuj" {Wiz rF+ rN+ rCorr Dex-5}
   (You found it on level 5 of the Pits of Slime)

   [ring of wizardry]

   It improves your spell success rate.
   Dex:       It affects your dexterity (-5).
   rF:        It protects you from fire.
   rN:        It protects you from negative energy.
   rCorr:     It protects you from acid and corrosion.
Wands
 y - a wand of mindburst (37)
 B - a wand of flame (78)
 C - a wand of paralysis (31)
 K - a wand of polymorph (18)
 L - a wand of roots (27)
 N - a wand of acid (7)
 Y - a wand of digging (15)
Scrolls
 b - 3 scrolls of summoning
 d - a scroll of enchant armour
 g - 6 scrolls of fear
 j - 6 scrolls of poison
 k - 8 scrolls of magic mapping
 m - 2 scrolls of blinking
 n - 6 scrolls of fog
 p - 17 scrolls of enchant weapon
 s - 24 scrolls of teleportation
 t - 2 scrolls of silence
 v - 11 scrolls of amnesia
 J - a scroll of brand weapon
Potions
 a - 3 potions of magic
 e - 5 potions of ambrosia
 f - 36 potions of curing
 h - 7 potions of might
 o - 14 potions of mutation
 r - 6 potions of brilliance
 w - 11 potions of lignification
 z - 12 potions of heal wounds
 A - 7 potions of flight
 F - 2 potions of resistance
 O - 3 potions of berserk rage
Miscellaneous
 l - a lightning rod (4/4)
 D - a box of beasts
 S - a phial of floods
 W - a condenser vane
 Z - a phantom mirror


   Skills:
 - Level 18.4 Fighting
 - Level 13.7(17.1) Long Blades
 - Level 13.2(17.7) Dodging
 - Level 1.7(4.7) Stealth
 * Level 15.6 Shields
 - Level 17.0 Spellcasting
 - Level 18.8(24.0) Conjurations
 - Level 5.0(10.1) Hexes
 - Level 5.5(8.9) Necromancy
 - Level 1.9(5.6) Translocations
 - Level 8.0 Transmutations
 - Level 22.9(27) Fire Magic
 - Level 13.2(17.7) Ice Magic
 + Level 21.3(25.4) Air Magic
 - Level 6.8(9.2) Evocations


You had one spell level left.
You knew the following spells:

 Your Spells              Type           Power      Damage    Failure   Level
a - Airstrike             Air            43%        2d(7-23)  0%          4
b - Orb of Destruction    Conj           42%        9d12      1%          7
c - Fire Storm            Conj/Fire      43%        8d11      9%          9
d - Blink                 Tloc           78%        N/A       1%          2
e - Swiftness             Air            87%        N/A       0%          3
f - Freezing Cloud        Conj/Ice/Air   41%        6-21      0%          5
g - Magic Dart            Conj           100%       1d8       0%          1
h - Irradiate             Conj/Tmut      34%        3d23      1%          5
i - Flame Wave            Conj/Fire      87%        2d19      0%          4
j - Yara's Violent Unrav  Hex/Tmut       26%        3d11      1%          5
k - Fireball              Conj/Fire      43%        3d17      0%          5
l - Chain Lightning       Conj/Air       43%        3d57      12%         9

Your spell library contained the following spells:

 Spells                   Type           Power      Damage    Failure   Level
 Foxfire                  Conj/Fire      100%       2x1d9     0%          1
 Shock                    Conj/Air       100%       1d9       0%          1
 Apportation              Tloc           78%        N/A       1%          1
 Beastly Appendage        Tmut           98%        N/A       1%          1
 Necrotise                Necr           100%       1d9       1%          1
 Sting                    Tmut/Pois      100%       1d8       1%          1
 Summon Small Mammal      Summ           72%        N/A       2%          1
 Ensorcelled Hibernation  Hex/Ice        100%       N/A       0%          2
 Poisonous Vapours        Pois/Air       100%       N/A       0%          2
 Scorch                   Fire           100%       2d10      0%          2
 Searing Ray              Conj           100%       2d8       0%          2
 Static Discharge         Conj/Air       86%        3-14/arc  0%          2
 Conjure Flame            Conj/Fire      87%        6-21      0%          3
 Dazzling Flash           Conj/Hex       100%       N/A       0%          3
 Mephitic Cloud           Conj/Pois/Air  70%        N/A       0%          3
 Ozocubu's Armour         Ice            73%        N/A       0%          3
 Fulminant Prism          Conj/Hex       35%        3d18      0%          4
 Sticky Flame             Conj/Fire      87%        2d10      0%          4
 Iskenderun's Battlesphe  Conj           85%        2d13      0%          5
 Lightning Bolt           Conj/Air       43%        1d62      0%          5
 Conjure Ball Lightning   Conj/Air       43%        3x3d15    0%          6
 Starburst                Conj/Fire      43%        6d12      0%          6
 Passwall                 Tmut/Erth      28%        N/A       1%          2
 Sublimation of Blood     Necr           52%        N/A       1%          2
 Wereblood                Tmut           49%        N/A       1%          2
 Gell's Gravitas          Tloc           39%        N/A       1%          3
 Ignite Poison            Fire/Tmut/Pois 59%        N/A       1%          3
 Lesser Beckoning         Tloc           39%        N/A       1%          3
 Portal Projectile        Hex/Tloc       96%        N/A       1%          3
 Spider Form              Tmut/Pois      33%        N/A       1%          3
 Stone Arrow              Conj/Erth      100%       3d13      1%          3
 Summon Guardian Golem    Hex/Summ       38%        N/A       1%          3
 Teleport Other           Tloc           39%        N/A       1%          3
 Tukima's Dance           Hex            55%        N/A       1%          3
 Anguish                  Hex/Necr       26%        N/A       1%          4
 Corpse Rot               Necr/Pois/Air  58%        N/A       1%          4
 Dispel Undead            Necr           52%        3d19      1%          4
 Iskenderun's Mystic Bla  Conj/Tloc      66%        2d14      1%          4
 Metabolic Englaciation   Hex/Ice        32%        N/A       1%          5
 Simulacrum               Ice/Necr       31%        N/A       1%          6
 Ignition                 Fire           45%        3d13      1%          8
 Maxwell's Capacitive Co  Air            43%        ∞         1%          8
 Passage of Golubria      Tloc           39%        N/A       2%          4
 Blade Hands              Tmut           24%        N/A       2%          5
 Storm Form               Tmut/Air       35%        N/A       2%          7
 Leda's Liquefaction      Hex/Erth       19%        N/A       3%          4
 Petrify                  Tmut/Erth      34%        N/A       4%          4
 Call Canine Familiar     Summ           18%        N/A       8%          3
 Manifold Assault         Tloc           39%        N/A       9%          5
 Summon Mana Viper        Hex/Summ       38%        N/A       10%         5
 Death Channel            Necr           26%        N/A       12%         6
 Spellforged Servitor     Conj/Summ      30%        N/A       17%         7
 Summon Forest            Summ/Tloc      14%        N/A       26%         5
 Olgreb's Toxic Radiance  Pois           17%        N/A       32%         4
 Enfeeble                 Hex            27%        N/A       41%         7
 Statue Form              Tmut/Erth      22%        N/A       63%         6
 Eringya's Noxious Bog    Tmut/Pois      16%        N/A       69%         6
 Dragon Form              Tmut           24%        N/A       71%         7
 Lehudib's Crystal Spear  Conj/Erth      30%        10d8      80%         8
 Polar Vortex             Ice            36%        N/A       94%         9
 Discord                  Hex            27%        N/A       98%         8
 Summon Cactus Giant      Summ           9%         N/A       99%         6
 Malign Gateway           Summ/Tloc      14%        N/A       100%        7
 Monstrous Menagerie      Summ           9%         N/A       100%        7
 Summon Hydra             Summ           9%         N/A       100%        7
 Disjunction              Tloc           19%        N/A       100%        8
 Necromutation            Tmut/Necr      25%        N/A       100%        8
 Summon Horrible Things   Summ           9%         N/A       100%        8
 Shatter                  Erth           9%         3d11*     100%        9
 Animate Armour           Summ/Erth      Unusable   N/A       N/A         4

Dungeon Overview and Level Annotations

Branches:
Dungeon (15/15)            Temple (1/1) D:7            Lair (5/5) D:11
 Shoals (4/4) Lair:3        Snake (4/4) Lair:3        Slime (5/5) Lair:4
    Orc (2/2) D:9             Elf (3/3) Orc:2        Vaults (5/5) D:13
  Crypt (3/3) Vaults:3       Tomb (0/3) Crypt:3      Depths (4/4) D:15
    Zot (5/5) Depths:4    Ossuary (visited)

Altars:
Ashenzari
Cheibriados
Dithmenos
Elyvilon
Fedhas
Gozag
Hepliaklqana
Kikubaaqudgha
Makhleb
Nemelex Xobeh
Okawaru
Qazlal
Ru
Sif Muna
Trog
Uskayaw
Vehumet
Wu Jian
Xom
Yredelemnul
Zin
The Shining One
Jiyva
Lugonu

Shops:
D:5 =   D:9 [   D:12 !=(![   D:14 :   Orc:2 ([((:   Elf:1 [(   Elf:2 ?
Shoals:1 !:!   Snake:2 [*[   Vaults:1 (   Vaults:5 ?   Depths:4 *(

Portals:
Hell: Depths:1 Depths:2 Depths:3 Depths:4
Abyss: Depths:3
Pandemonium: Depths:2
Ziggurat: Depths:1

Annotations:
Shoals:4 3 runed translucent doors, croobank's ghost, adept DsCj
Snake:2 4 transporters
Orc:2 1 exclusion
Depths:2 exclusions: caustic shrike and upstairs
Zot:2 2 transporters, Varphup's ghost, legendary FoFi


Innate Abilities, Weirdness & Mutations

You can spit globs of acid.
Your golden yellow scales are hard. (AC +13)
You cannot fit into any form of body armour.
You have acidic saliva.
You are cold-blooded and may be slowed by cold attacks.
You are resistant to acid. (rCorr)
You have a pair of small antennae on your head.
You are clumsy. (Dex -2)
You occasionally shout uncontrollably at your foes.
Your spells are a little easier to cast, but a little less powerful.
You passively dampen the noise of your surroundings.


Message History

Gang up on whom?
Press: ? - help, Dir - move target There's nothing there!
What are your orders? t - Yell!
Orders for allies: a - Attack new target. r - Retreat! s - Stop attacking. g - Guard the area. f - Follow me.
Anything else - Cancel.
Follow me!
What are your orders? t - Yell!
Orders for allies: a - Attack new target. r - Retreat! s - Stop attacking. g - Guard the area. f - Follow me.
Anything else - Cancel.
Follow me!
What are your orders? t - Yell!
Orders for allies: a - Attack new target. r - Retreat! s - Stop attacking. g - Guard the area. f - Follow me.
Anything else - Cancel.
Follow me!
An Orb Guardian comes into view.
Casting: Fire Storm (dangerous; 9% risk of failure)
Confirm with . or Enter, or press ? or * to list all spells.
Aiming: Fire Storm (dangerous; 9% risk of failure)
Press: ? - help, Dir - move target You miscast Fire Storm.
You are very lightly contaminated with residual magic.
You are blasted with fire!
You resist.
Casting: Fire Storm (dangerous; 9% risk of failure)
Confirm with . or Enter, or press ? or * to list all spells.
Aiming: Fire Storm (dangerous; 9% risk of failure)
Press: ? - help, Dir - move target A raging storm of fire appears!
A shadow demon comes into view.
Okay, then.
You have escaped!

#####.##.# ###.###.. #.##.# #..#
### #.##.# ####### #.##
#.##.####.....# #.#
#.......#.###.########.#
#####.#.#.........#.##.#
#{#.#v⌠...⌠.#.2..#.######
#.#.#..###............... #
####.#{#○v'@#....>..).......
######...○°v○○.###..#....^.######
)........○vvv.⌠...⌠.##...#.#
######.##°○.°v...X..###.##.# #
#.####°###......>.....#
#.####{####.#####...###
######....................#
........###..............## ####
######.## ######.######..# #...


You could see an Orb Guardian, a shadow demon and 7 friendly fire vortices.

Vanquished Creatures
  the Royal Jelly (Slime:5)
  9 dread liches
  7 ancient liches
  4 orbs of fire
  Mara (Vaults:5)
  A juggernaut (Depths:2)
  Mennas (Depths:4)
  Sojobo (Depths:2)
  The ghost of Alunk the Bludgeoner, a legendary GnFi of Cheibriados (Zot:4)
  Margery (Crypt:2)
  4 Killer Klowns
  Saint Roka (Vaults:1)
  Boris (twice) (Crypt:2 Crypt:3)
  Bai Suzhen (Crypt:2)
  Xtahua (Crypt:1)
  Nikola (Shoals:2)
  A caustic shrike (Depths:2)
  8 golden dragons
  5 bone dragons
  3 doom hounds
  4 electric golems
  Rupert (D:13)
  13 tentacled monstrosities
  2 walking crystal tomes
  5 liches
  7 quicksilver dragons
  5 titans
  Grunn (Crypt:1)
  2 deep elf blademasters (Elf:3)
  25 Orb Guardians (Zot:5)
  The ghost of cdecastro the Executioner, an adept HOFi of Trog (Snake:3)
  2 deep elf master archers (Elf:3)
  7 ancient champions
  20 acid blobs
  Frances (Snake:2)
  2 krakens (Shoals:4)
  Polyphemus (Shoals:2)
  3 death cobs
  Gastronok (Lair:3)
  9 tengu reavers
  11 shadow dragons
  Kirke (D:15)
  8 draconian monks
  Donald (Snake:3)
  6 nagarajas
  14 storm dragons
  7 fire giants
  13 azure jellies
  12 rockslimes
  A daeva (D:15)
  Ilsuiw (Shoals:2)
  6 draconian knights
  10 deep elf sorcerers
  8 draconian scorchers
  9 ghouls
  An orc warlord (Orc:2)
  12 vault wardens
  5 iron dragons
  3 ghost moths
  Aizul (Snake:2)
  9 frost giants
  4 curse skulls
  3 deep elf elementalists
  7 draconian shifters
  3 war gargoyles
  3 draconian stormcallers
  Louise (D:15)
  A caustic shrike skeleton (Crypt:1)
  9 stone giants
  2 spriggan defenders
  2 reapers (Crypt:1)
  A juggernaut skeleton (Crypt:3)
  30 ironbound preservers
  10 draconian annihilators
  15 quicksilver oozes
  7 ironbound thunderhulks
  9 vampire knights
  Nessos (D:13)
  50 very ugly things
  13 green draconians
  8 deep elf demonologists
  15 black draconians
  6 deep elf annihilators
  13 dire elephants
  8 spark wasps
  9 red draconians
  An entropy weaver (Vaults:3)
  2 spectral hellephants (Crypt:2)
  14 white draconians
  9 yellow draconians
  13 purple draconians
  9 deep elf death magi
  3 merfolk javelineers (Shoals:4)
  A blizzard demon (Depths:2)
  11 ettins
  3 eidola
  A spectral elf (Crypt:2)
  Josephine (D:10)
  A crystal guardian (Vaults:3)
  7 fire dragons
  8 deep elf high priests
  6 merfolk impalers
  15 yaktaur captains
  9 jiangshi
  A hell beast (Depths:1)
  A rakshasa (D:15)
  A fenstrider witch zombie (Crypt:3)
  4 salamander tyrants
  9 hydras
  13 great orbs of eyes
  27 vault guards
  A quicksilver dragon skeleton (Crypt:3)
  A hydra (shapeshifter) (Depths:4)
  5 ice dragons
  3 spriggan air magi
  4 boulder beetles
  5 ironbound frosthearts
  14 naga warriors
  2 catoblepae
  A peacekeeper (Vaults:3)
  2 death knights
  4 merfolk avatars
  2 ogre magi (Vaults:5)
  An alligator snapping turtle (Shoals:4)
  7 centaur warriors
  7 two-headed ogres
  A fenstrider witch skeleton (Crypt:2)
  A bennu zombie (Crypt:3)
  4 merfolk aquamancers (Shoals:4)
  4 spriggan skeletons (Crypt:3)
  9 anacondas
  6 deep troll earth magi
  11 death yaks
  A tengu warrior (Depths:2)
  40 dancing weapons
  8 naga sharpshooters
  5 deep troll shamans
  2 satyrs
  A hell hog (Depths:2)
  7 vampire magi
  A titan zombie (Crypt:3)
  7 shock serpents
  6 spriggan berserkers
  5 hell knights
  23 deep elf knights
  An orc high priest (Orc:2)
  3 iron trolls
  Sonja (Lair:2)
  A titan skeleton (Crypt:3)
  A storm dragon zombie (Crypt:1)
  A sun demon (Depths:4)
  Amaemon (D:11)
  57 skeletal warriors
  4 shadow wraiths
  2 soul eaters
  A quicksilver dragon simulacrum (Crypt:3)
  4 flayed ghosts
  4 salamander mystics
  6 naga ritualists
  13 sea snakes
  An anaconda zombie (Crypt:1)
  Pikel (D:6)
  102 deep trolls
  A bog body (Crypt:2)
  11 deep elf archers
  26 ironbound convokers
  12 lindwurms
  An iron giant skeleton (Crypt:1)
  3 spriggan simulacra (Crypt:3)
  2 glowing orange brains
  An anaconda skeleton (Crypt:2)
  19 harpies
  23 deep elf pyromancers
  15 phantasmal warriors
  A fenstrider witch simulacrum (Crypt:3)
  6 orc knights
  An obsidian statue (Zot:5)
  31 deep elf zephyrmancers
  4 necromancers
  7 wizards
  5 orc sorcerers (Orc:2)
  An oklob plant (Lair:2)
  9 shining eyes
  8 mana vipers
  12 manticores
  A wolf spider (shapeshifter) (Vaults:5)
  A sphinx zombie (Crypt:2)
  7 cyclopes
  45 ugly things
  13 fauns
  A wolf spider (D:13)
  A faun (shapeshifter) (Depths:2)
  17 salamanders
  31 moths of wrath
  A manticore (shapeshifter) (D:15)
  An iron dragon skeleton (Crypt:2)
  Joseph (D:8)
  10 guardian serpents
  13 vault sentinels
  34 elephants
  13 naga magi
  3 eyes of devastation
  3 water nymphs
  42 black mambas
  A gargoyle (D:13)
  6 merfolk sirens
  5 cane toads
  2 torpor snails
  An orange demon (Lair:1)
  2 rime drakes
  A grey draconian zombie (Crypt:3)
  A titan simulacrum (Crypt:3)
  2 unseen horrors (D:12)
  2 bunyip simulacra (Crypt:3)
  19 freezing wraiths
  9 komodo dragons
  A tormentor (Crypt:1)
  2 efreet
  2 dire elephant skeletons (Crypt:3)
  A yaktaur (shapeshifter) (D:15)
  33 yaktaurs
  A tengu conjurer (D:14)
  An unseen horror zombie (D:6)
  A minotaur skeleton (Crypt:3)
  A catoblepas skeleton (Crypt:1)
  6 trolls
  9 guardian mummies
  An iron giant simulacrum (Crypt:3)
  A spectral harpy (Crypt:3)
  A purple draconian skeleton (Crypt:2)
  The ghost of crispyCORNDOG the Chopper, an amateur MiFi (D:5)
  A death yak skeleton (Crypt:1)
  20 merfolk
  A meliai (shapeshifter) (Elf:1)
  6 polar bears
  5 wind drakes
  A hornet (shapeshifter) (D:13)
  An iron troll skeleton (Crypt:3)
  A harpy zombie (Crypt:3)
  118 slime creatures
  The ghost of AverageBear the Chopper, an amateur DsFi (D:6)
  3 harpy skeletons (Crypt:3)
  18 blink frogs
  4 dream sheep
  A stone giant simulacrum (Crypt:3)
  8 hornets
  9 snapping turtles
  An ettin zombie (Crypt:3)
  A human simulacrum (Crypt:3)
  4 air elementals
  14 flying skulls
  A guardian serpent skeleton (Crypt:2)
  14 wraiths
  3 vampires
  6 spriggans
  15 humans (D:13)
  19 water elementals
  4 wyverns
  A human (shapeshifter) (Vaults:5)
  2 black mamba skeletons (Crypt:3)
  4 basilisks
  35 yaks
  An unseen horror simulacrum (D:6)
  7 vampire mosquitoes
  12 golden eyes
  A hog (D:15)
  A redback (Vaults:3)
  5 steam dragons
  3 harpy simulacra (Crypt:3)
  7 wargs
  39 nagas
  2 acid dragons
  A faun skeleton (Crypt:1)
  A floating eye (shapeshifter) (Vaults:5)
  5 water moccasins
  3 floating eyes
  37 orc warriors
  An ettin simulacrum (Crypt:3)
  2 ice beasts
  A merfolk simulacrum (Crypt:3)
  2 sky beasts (D:7)
  12 wolves
  7 ogres
  7 centaurs
  A hog zombie (Crypt:1)
  13 boggarts
  A snapping turtle skeleton (Crypt:3)
  2 phantoms
  4 scorpions (D:5)
  4 earth elementals
  5 bullfrogs
  3 naga simulacra (Crypt:3)
  4 necrophages
  A yaktaur skeleton (Crypt:2)
  3 gnoll sergeants
  4 wights (D:8)
  A yak zombie (Crypt:1)
  6 killer bees
  A polar bear zombie (Crypt:2)
  2 electric eels (D:8)
  A spectral centaur (D:6)
  9 howler monkeys
  A black bear zombie (Crypt:2)
  A gnoll bouda (D:8)
  A hound (D:5)
  A bullfrog skeleton (Crypt:1)
  4 human zombies
  2 jellies
  15 orc priests
  5 centaur skeletons
  7 iguanas
  28 orc wizards
  4 human skeletons
  2 naga skeletons
  3 hound zombies (Ossuary)
  13 mummies
  16 gnolls
  13 adders
  3 shadow imps
  5 white imps
  An ufetubus (D:7)
  A jelly zombie (Crypt:3)
  4 dart slugs
  95 orcs
  13 bats
  A bat skeleton (Crypt:2)
  3 endoplasms
  A giant cockroach (D:1)
  2 gnoll zombies (Ossuary)
  4 goblins
  7 hobgoblins
  7 jackals
  A quokka (D:3)
  3 ball pythons
  A ball python zombie (Crypt:3)
  An endoplasm zombie (Crypt:1)
  A frilled lizard (D:1)
  A gnoll skeleton (Crypt:3)
  2 goblin zombies (Ossuary)
  A kobold (D:1)
  A kobold zombie (Ossuary)
  3 orc zombies (Ossuary)
  4 rats
  8 fire vortices
  3 fulminant prisms
  5 tentacles (Shoals:4)
2502 creatures vanquished.

Vanquished Creatures (collateral kills)
  A deep elf sorcerer (Vaults:5)
  A vault warden (Vaults:5)
  A white draconian (Zot:1)
  A red draconian (Zot:1)
  A green death (Depths:4)
  A great orb of eyes (Slime:5)
  An ogre mage (Vaults:5)
  A slime creature (Slime:5)
8 creatures vanquished.

Vanquished Creatures (others)
  A storm dragon (Zot:4)
  2 draconian knights
  A spectral elf (Crypt:2)
  A moth of wrath (Zot:4)
  A snapping turtle (Shoals:2)
  2 humans (D:15)
  A naga (Snake:4)
  61 fire vortices
  193 fulminant prisms
  136 fungi
  291 plants
  11 tentacles (Shoals:4)
701 creatures vanquished.

Grand Total: 3211 creatures vanquished

Notes
Turn   | Place    | Note
-------+----------+-------------------------------------------
     0 | D:1      | octoduck the Draconian Conjurer began the quest for the
                  | Orb.
     0 | D:1      | Reached XP level 1. HP: 14/14 MP: 3/3
   434 | D:1      | Reached XP level 2. HP: 20/20 MP: 0/5
   488 | D:1      | Learned a level 2 spell: Searing Ray
   587 | D:1      | Found a faded altar of an unknown god.
  1082 | D:2      | Found a shimmering blue altar of Sif Muna.
  1222 | D:2      | Reached skill level 5 in Conjurations
  1222 | D:2      | Reached XP level 3. HP: 26/26 MP: 0/6
  2608 | D:3      | Reached XP level 4. HP: 33/33 MP: 0/7
  2686 | D:3      | Learned a level 4 spell: Fulminant Prism
  3774 | D:4      | Found a glowing silver altar of Zin.
  3774 | D:4      | Found an opulent altar of Gozag.
  3967 | D:4      | Reached skill level 1 in Hexes
  4424 | D:5      | Entered Level 5 of the Dungeon
  4443 | D:5      | Got the Papyrus of Blasting
  4469 | D:5      | Reached XP level 5. HP: 38/38 MP: 4/8
  4957 | D:5      | Reached XP level 6. HP: 38/45 MP: 1/9
  5114 | D:5      | Noticed crispyCORNDOG's ghost (amateur MiFi)
  5137 | D:5      | Found a transporter.
  5321 | D:5      | Found a transporter.
  5650 | D:5      | Found Eblesuez's Jewellery Emporium.
  5784 | D:5      | Your scales start taking on a golden yellow colour.
  5784 | D:5      | Reached XP level 7. HP: 50/50 MP: 2/10
  5784 | D:5      | Gained mutation: You are resistant to acid. (rCorr) [Yellow
                  | Draconian growth]
  6564 | D:5      | Found the +7 Singing Sword {vorpal, sonic wave}
  6787 | D:6      | Reached skill level 5 in Hexes
  6964 | D:6      | Learned a level 3 spell: Mephitic Cloud
  7044 | D:6      | Found a broken altar of Ashenzari.
  7044 | D:6      | Found a blossoming altar of Fedhas.
  7048 | D:6      | Became a worshipper of Ashenzari the Shackled
  7050 | D:6      | Found a burning altar of Makhleb.
  7053 | D:6      | Found a shimmering blue altar of Sif Muna.
  7059 | D:6      | Found a bloodstained altar of Trog.
  7065 | D:6      | Found an iron altar of Okawaru.
  7314 | D:6      | Found a shimmering altar of Xom.
  7318 | D:6      | Found a radiant altar of Vehumet.
  7318 | D:6      | Found a basalt altar of Yredelemnul.
  7332 | D:6      | Found an ancient bone altar of Kikubaaqudgha.
  7335 | D:6      | Found a hide-covered altar of Uskayaw.
  7525 | D:6      | Reached XP level 8. HP: 58/58 MP: 7/11
  7817 | D:6      | Reached skill level 1 in Fighting
  7817 | D:6      | Reached skill level 1 in Air Magic
  7963 | D:6      | Found a runed translucent gate.
  7963 | D:6      | Found a runed translucent gate.
  7964 | D:6      | Found a runed translucent gate.
  7965 | D:6      | Noticed AverageBear's ghost (amateur DsFi)
  8065 | D:6      | Noticed Pikel
  8083 | D:6      | Killed Pikel
  9161 | D:7      | Reached XP level 9. HP: 66/71 MP: 2/12
  9517 | D:7      | Reached skill level 5 in Air Magic
 10095 | D:7      | Found a staircase to the Ecumenical Temple.
 10102 | Temple   | Entered the Ecumenical Temple
 10628 | D:8      | Found a sand-covered staircase.
 10639 | Ossuary  | Entered an ossuary
 10926 | D:8      | Reached * piety under Ashenzari
 10928 | D:8      | Noticed Joseph
 10938 | D:8      | Killed Joseph
 11202 | D:8      | Reached skill level 10 in Conjurations
 11308 | D:8      | Learned a level 3 spell: Swiftness
 11369 | D:8      | Reached skill level 1 in Long Blades
 11937 | D:8      | Reached XP level 10. HP: 80/80 MP: 6/14
 12830 | D:9      | Reached skill level 5 in Long Blades
 12968 | D:9      | Found a staircase to the Orcish Mines.
 12970 | D:9      | Found Uzefe's Armour Shop.
 13066 | D:9      | Bought a +2 pair of boots of stealth for 279 gold pieces
 13071 | D:9      | Reached ** piety under Ashenzari
 13362 | D:9      | Found a sacrificial altar of Ru.
 13469 | D:9      | Identified a scroll of acquirement
 13685 | D:9      | Acquired 502 gold pieces
 13771 | D:5      | Bought the ring "Gahom" {rC+ Will+ rCorr Int+6} for 795
                  | gold pieces
 14408 | D:10     | Entered Level 10 of the Dungeon
 14415 | D:10     | Noticed Josephine
 14429 | D:10     | Killed Josephine
 14433 | D:10     | Reached skill level 5 in Dodging
 14433 | D:10     | Reached XP level 11. HP: 31/85 MP: 7/15
 15008 | D:10     | Reached *** piety under Ashenzari
 15326 | D:10     | Found a snail-covered altar of Cheibriados.
 15629 | D:11     | Noticed a two-headed ogre
 15646 | D:11     | Killed a two-headed ogre
 15968 | D:11     | Noticed a purple ugly thing
 16259 | D:11     | Killed a purple ugly thing
 16565 | D:5      | Killed crispyCORNDOG's ghost
 16689 | D:9      | Bought a +0 cloak for 58 gold pieces
 16933 | D:11     | Noticed a four-headed hydra
 16933 | D:11     | Noticed a two-headed ogre
 17004 | D:11     | Found a staircase to the Lair.
 17448 | Lair:1   | Entered Level 1 of the Lair of Beasts
 17526 | Lair:1   | Noticed a catoblepas
 17662 | D:12     | Noticed a red ugly thing
 17934 | D:11     | Killed a red ugly thing
 18294 | D:11     | Killed a four-headed hydra
 18295 | D:11     | Reached skill level 5 in Spellcasting
 18439 | D:11     | HP: 3/85 [two-headed ogre/+0 giant spiked club (30)]
 18440 | D:11     | Killed a two-headed ogre
 19108 | Orc:1    | Entered Level 1 of the Orcish Mines
 19451 | D:5      | Bought an amulet of magic regeneration for 390 gold pieces
 19457 | D:5      | Reached **** piety under Ashenzari
 19464 | D:5      | Learned a level 5 spell: Freezing Cloud
 19660 | Orc:2    | Entered Level 2 of the Orcish Mines
 19660 | Orc:2    | Noticed an orc knight
 19667 | Orc:2    | Killed an orc knight
 19668 | Orc:2    | Reached skill level 1 in Shields
 19668 | Orc:2    | Reached skill level 1 in Ice Magic
 19916 | Orc:1    | Noticed an orc knight
 19930 | Orc:2    | HP: 2/85 [warg[an orc knight] (3)]
 19945 | Orc:2    | Killed an orc knight
 19946 | Orc:2    | Reached XP level 12. HP: 5/92 MP: 5/20
 21003 | Orc:2    | Found Izuesenk's Antique Weapon Emporium.
 21877 | Orc:2    | Found Ricaonto's Antique Armour Shoppe.
 21913 | Orc:2    | Found Tecait's Antique Weapon Emporium.
 21932 | Orc:2    | Paralysed by an orc sorcerer for 5 turns
 22314 | D:11     | Killed a catoblepas
 22315 | D:11     | Reached skill level 5 in Shields
 22315 | D:11     | Reached skill level 5 in Ice Magic
 22561 | Lair:1   | Reached ***** piety under Ashenzari
 22649 | Lair:1   | Noticed Amaemon
 22665 | D:11     | Killed Amaemon
 23281 | Lair:2   | Found a sacrificial altar of Ru.
 23637 | Lair:2   | Identified the +3 trident "Caxkyereuph" {pain, rElec rN+}
 23638 | Lair:2   | Found the +3 hat of Pondering {ponderous, Will+ MP+10
                  | Int+5}
 23948 | Lair:2   | Noticed Sonja
 23958 | Lair:2   | Killed Sonja
 24033 | Lair:2   | Noticed a six-headed hydra
 24047 | Lair:2   | Killed a six-headed hydra
 24257 | Lair:3   | Reached XP level 13. HP: 95/99 MP: 8/21
 24269 | Lair:2   | Reached skill level 5 in Fighting
 24762 | Lair:3   | Found a staircase to the Shoals.
 25128 | Lair:3   | Found a staircase to the Snake Pit.
 25535 | Lair:3   | Noticed a dire elephant
 25735 | Lair:3   | Noticed Gastronok
 25756 | Lair:3   | Killed Gastronok
 26110 | Lair:4   | Found a viscous altar of Jiyva.
 26110 | Lair:4   | Found a staircase to the Slime Pits.
 27105 | Lair:3   | Killed a dire elephant
 27484 | Lair:3   | Learned a level 7 spell: Orb of Destruction
 27850 | Lair:4   | Gained mutation: You have acidic saliva. [Yellow Draconian
                  | growth]
 27850 | Lair:4   | Reached XP level 14. HP: 108/124 MP: 12/25
 28628 | Lair:5   | Entered Level 5 of the Lair of Beasts
 28952 | Lair:5   | Reached skill level 15 in Conjurations
 29573 | Lair:5   | Reached skill level 10 in Dodging
 30481 | Orc:2    | Found Quank's Weapon Shoppe.
 30767 | Orc:2    | Found Isoptipn's Book Emporium.
 30905 | Orc:2    | Found a staircase to the Elven Halls.
 31035 | Orc:2    | Noticed an orc warlord
 31349 | Orc:2    | Killed an orc warlord
 31483 | Orc:2    | Bought a pair of glowing gloves for 232 gold pieces
 31847 | D:6      | Killed AverageBear's ghost
 32257 | D:12     | Found Gauhu's Distillery.
 32298 | D:12     | Found Puediotu's Antique Armour Shoppe.
 32471 | Orc:2    | Bought a pair of boots for 139 gold pieces
 32756 | D:12     | Found Nuah's Distillery.
 32913 | D:12     | Identified the +7 quarterstaff of Massacring {vorpal, rElec
                  | Int-5 Dex+4}
 33089 | D:12     | Found Jekelot's Jewellery Boutique.
 33100 | D:12     | Found Huwaegio's Weapon Boutique.
 33326 | D:13     | Reached XP level 15. HP: 94/130 MP: 20/26
 33995 | D:13     | Noticed Nessos
 34130 | D:13     | Reached skill level 10 in Long Blades
 34132 | D:13     | Killed Nessos
 34312 | D:13     | Noticed Rupert
 34315 | D:13     | Paralysed by Rupert for 3 turns
 34326 | D:13     | Killed Rupert
 34331 | D:13     | Found a gate to the Vaults.
 34414 | D:12     | Bought a ring of willpower for 375 gold pieces
 34735 | Shoals:1 | Entered Level 1 of the Shoals
 34735 | Shoals:1 | Found a gateway to a bazaar.
 34772 | Bazaar   | Entered a bazaar
 34827 | Bazaar   | Found Liurhusk's Distillery.
 34849 | Bazaar   | Found Wicwubia's Weapon Emporium.
 34903 | Bazaar   | Found Plog's Magic Scroll Shoppe.
 34984 | Bazaar   | Bought a potion of haste for 150 gold pieces
 35010 | Bazaar   | Bought a scroll of enchant weapon for 67 gold pieces
 35057 | Shoals:1 | Found Sibes's Distillery.
 35725 | Shoals:1 | Found Ehazutat's Book Emporium.
 35783 | Shoals:1 | Found Torphoon's Distillery.
 35947 | Shoals:1 | Learned a level 4 spell: Airstrike
 36307 | Shoals:2 | Noticed Ilsuiw
 36349 | Shoals:2 | Noticed Nikola
 36693 | Shoals:2 | Killed Nikola
 36918 | Shoals:2 | Noticed Polyphemus
 37167 | Shoals:2 | Killed Polyphemus
 37455 | Shoals:2 | Killed Ilsuiw
 38849 | Shoals:3 | Reached XP level 16. HP: 90/138 MP: 29/29
 38854 | Shoals:3 | Reached skill level 10 in Air Magic
 39268 | Shoals:3 | Upgraded the game from 0.29.1-14-g9c671dbff4 to
                  | 0.29.1-15-g9cfb28693d
 39269 | Shoals:4 | Entered Level 4 of the Shoals
 39711 | Shoals:4 | Reached skill level 10 in Fighting
 40152 | Shoals:4 | Reached ****** piety under Ashenzari
 40247 | Shoals:4 | Noticed a kraken
 40262 | Shoals:4 | Killed a kraken
 41151 | Shoals:4 | Noticed croobank's ghost (adept DsCj)
 41151 | Shoals:4 | Identified the +0 pair of boots of the Gusle {Regen+ MP-9
                  | SInv}
 42376 | Shoals:4 | Found a runed translucent gate.
 42376 | Shoals:4 | Found a runed translucent gate.
 42377 | Shoals:4 | Found a runed translucent gate.
 42729 | Shoals:4 | Noticed a kraken
 42740 | Shoals:4 | Killed a kraken
 42753 | Shoals:4 | Got a barnacled rune of Zot
 43074 | Elf:1    | Entered Level 1 of the Elven Halls
 43828 | Elf:1    | Identified the Catalogue of the Flock
 44116 | Elf:1    | Found Otzi's Antique Weapon Emporium.
 44123 | Elf:1    | Found Geschowku's Antique Armour Emporium.
 44578 | Elf:1    | Found a runed translucent gate.
 44578 | Elf:1    | Found a runed translucent gate.
 44579 | Elf:1    | Found a runed translucent gate.
 45339 | Elf:2    | Reached XP level 17. HP: 156/156 MP: 20/30
 45735 | Elf:2    | Found Isapnoif's Magic Scroll Emporium.
 46175 | Elf:2    | Noticed a Tzitzimitl
 46176 | Elf:2    | Reached skill level 10 in Ice Magic
 46277 | Elf:2    | Found a runed translucent gate.
 46277 | Elf:2    | Found a runed translucent gate.
 46280 | Elf:2    | Found a runed translucent gate.
 46581 | Elf:3    | Entered Level 3 of the Elven Halls
 46844 | Elf:3    | Identified Ciwettel's Volume of Lethal Superposition
 46918 | Elf:3    | Paralysed by an air elemental for 1 turns
 47036 | Elf:3    | Paralysed by an air elemental for 1 turns
 47039 | Elf:3    | Paralysed by an air elemental for 1 turns
 47344 | Elf:3    | Paralysed by an air elemental for 1 turns
 48175 | Elf:3    | Noticed a deep elf master archer
 49220 | Elf:3    | Killed a deep elf master archer
 49456 | Elf:3    | Reached skill level 15 in Fighting
 49465 | Elf:3    | Identified the +1 leather armour of the Eight of Wands
                  | {*Corrode Int+7}
 49922 | Elf:3    | Noticed a deep elf blademaster
 49927 | Elf:3    | Killed a deep elf blademaster
 49931 | Elf:3    | Identified the ring of Kumeic {rC++ Str+6 Int+3}
 50020 | Elf:3    | Noticed a deep elf master archer
 50033 | Elf:3    | Killed a deep elf master archer
 50144 | Elf:3    | Noticed a deep elf blademaster
 50946 | Elf:3    | Killed a deep elf blademaster
 51352 | Elf:3    | Reached XP level 18. HP: 123/171 MP: 12/31
 51738 | Elf:3    | Identified the +1 scale mail of the Original Sin {rF++
                  | Int+7}
 51739 | Elf:3    | Identified Xeituom's Folio of Ignition
 52060 | D:14     | Found Nicul's Book Emporium.
 52145 | D:14     | Found a glowing golden altar of the Shining One.
 52544 | D:14     | Reached skill level 1 in Evocations
 52829 | D:14     | Identified the +0 robe "Ruheo" {rPois rN+ Regen+ Dex+4
                  | SInv}
 53242 | D:15     | Entered Level 15 of the Dungeon
 53251 | D:15     | Noticed Louise
 53676 | D:15     | Noticed Kirke
 53681 | D:15     | Killed Kirke
 54352 | D:15     | Found a staircase to the Depths.
 54472 | D:15     | Killed Louise
 54800 | D:14     | Bought a book of Alchemy for 504 gold pieces
 54806 | D:14     | Learned a level 5 spell: Irradiate
 54861 | Depths:1 | Entered Level 1 of the Depths
 54873 | Depths:1 | Found a hide-covered altar of Uskayaw.
 54881 | Depths:1 | Reached skill level 1 in Transmutations
 54884 | Depths:1 | Reached skill level 5 in Evocations
 55721 | Depths:1 | Found a gateway to Hell.
 56106 | Depths:1 | Reached skill level 5 in Transmutations
 56297 | Depths:1 | Found an ancient bone altar of Kikubaaqudgha.
 56313 | Depths:1 | Found a one-way gateway to a ziggurat.
 56485 | Depths:2 | Reached skill level 1 in Necromancy
 57189 | Depths:2 | Noticed Sojobo
 58348 | Depths:2 | Noticed a golden dragon
 58367 | Depths:2 | Noticed a caustic shrike
 58572 | Depths:2 | Killed a golden dragon
 58699 | Depths:2 | Reached skill level 5 in Necromancy
 59174 | Depths:2 | Identified the +0 robe of Hethoz {-Tele Int+3 Dex+2}
 59200 | Depths:2 | Found a one-way gate leading to the halls of Pandemonium.
 59609 | Depths:2 | Killed Sojobo
 59610 | Depths:2 | Reached XP level 19. HP: 177/181 MP: 16/32
 60096 | Depths:2 | Noticed a caustic shrike
 60096 | Depths:2 | Noticed a caustic shrike
 60096 | Depths:2 | Found a hide-covered altar of Uskayaw.
 60411 | Snake:1  | Entered Level 1 of the Snake Pit
 62041 | Snake:2  | Learned a level 4 spell: Flame Wave
 62050 | Snake:2  | Found a transporter.
 62068 | Snake:2  | Reached skill level 1 in Fire Magic
 62178 | Snake:2  | Reached skill level 2 in Fire Magic
 62180 | Snake:2  | Noticed Frances
 62436 | Snake:2  | Found Liunk's Antique Armour Shoppe.
 62440 | Snake:2  | Found Sueloneg's General Store.
 62440 | Snake:2  | Found Luowuq's Armour Shoppe.
 62637 | Snake:2  | Found a transporter.
 62653 | Snake:2  | Killed Frances
 62654 | Snake:2  | Reached skill level 10 in Shields
 62798 | Snake:2  | Reached skill level 3 in Fire Magic
 62863 | Snake:2  | Found a transporter.
 62863 | Snake:2  | Found a transporter.
 63142 | Snake:2  | Noticed Aizul
 63148 | Snake:2  | Killed Aizul
 63446 | Snake:2  | Reached skill level 4 in Fire Magic
 63588 | Snake:2  | Found a transporter.
 63593 | Snake:2  | Found a transporter.
 63914 | Snake:3  | Noticed Donald
 63920 | Snake:3  | Killed Donald
 64090 | Snake:3  | Reached skill level 5 in Fire Magic
 64536 | Snake:3  | Noticed cdecastro's ghost (adept HOFi)
 64628 | Snake:3  | Reached skill level 6 in Fire Magic
 64657 | Snake:3  | Reached skill level 7 in Fire Magic
 65343 | Snake:3  | Found a runed translucent gate.
 65344 | Snake:3  | Identified the ring "Dyeri Voi" {rPois rF++ rN+ Int-4
                  | Dex+3}
 65488 | Snake:3  | Found a runed translucent gate.
 65488 | Snake:3  | Found a runed translucent gate.
 65601 | Snake:3  | Reached skill level 8 in Fire Magic
 65752 | Snake:3  | Killed cdecastro's ghost
 65860 | Snake:4  | Entered Level 4 of the Snake Pit
 66370 | Snake:2  | Bought a +1 pair of boots of rampaging for 214 gold pieces
 66673 | Elf:1    | Bought the +0 pair of fencer's gloves {Riposte Dex+3} for
                  | 880 gold pieces
 66673 | Elf:1    | Found the +0 pair of fencer's gloves {Riposte Dex+3}
 67260 | Snake:4  | Reached skill level 9 in Fire Magic
 68461 | Snake:4  | Reached skill level 10 in Fire Magic
 69126 | Snake:4  | Reached XP level 20. HP: 189/189 MP: 21/34
 69146 | Snake:4  | Reached skill level 11 in Fire Magic
 69729 | Snake:4  | Got a serpentine rune of Zot
 70319 | Elf:1    | Reached skill level 12 in Fire Magic
 71473 | Elf:2    | Reached skill level 13 in Fire Magic
 72041 | Elf:1    | Bought a runed hat for 154 gold pieces
 72498 | Depths:3 | Noticed a golden dragon
 72819 | Depths:3 | Found a radiant altar of Vehumet.
 72882 | Depths:3 | Noticed a caustic shrike
 73149 | Depths:2 | Killed a golden dragon
 73212 | Depths:3 | Reached skill level 14 in Fire Magic
 73577 | Depths:3 | Noticed a juggernaut
 73609 | Depths:2 | Killed a juggernaut
 74632 | Depths:2 | Killed a caustic shrike
 74802 | Depths:3 | Reached skill level 15 in Fire Magic
 76263 | Depths:3 | Reached XP level 21. HP: 174/189 MP: 30/32
 76281 | Depths:3 | Reached skill level 16 in Fire Magic
 76598 | Depths:3 | Found a one-way gate to the infinite horrors of the Abyss.
 77228 | Depths:4 | Entered Level 4 of the Depths
 78081 | Depths:4 | Reached skill level 17 in Fire Magic
 78731 | Depths:4 | Noticed Mennas
 78737 | Depths:4 | Killed Mennas
 79174 | Depths:4 | Found a gate to the Realm of Zot.
 79462 | Depths:4 | Found Cefaat's Weapon Boutique.
 79462 | Depths:4 | Found Sitty's Assorted Antiques.
 79502 | Depths:4 | Bought a potion of invisibility for 336 gold pieces
 79777 | Vaults:1 | Entered Level 1 of the Vaults
 79777 | Vaults:1 | Noticed Saint Roka
 79790 | Vaults:1 | Killed Saint Roka
 79791 | Vaults:1 | Reached skill level 18 in Fire Magic
 80328 | Vaults:1 | Identified the +10 morningstar of Reason {flame, Will+
                  | Str-2 Dex+4}
 81600 | Vaults:1 | Reached skill level 19 in Fire Magic
 81630 | Vaults:1 | Found Vabriu's Weapon Emporium.
 81861 | Vaults:1 | Learned a level 2 spell: Blink
 82277 | Vaults:1 | Reached skill level 1 in Translocations
 83074 | Vaults:2 | Reached XP level 22. HP: 94/196 MP: 25/33
 84000 | Vaults:2 | Reached skill level 20 in Fire Magic
 85553 | Vaults:3 | Identified Noapeiz's Writings on Incandescent Wicked Rites
 85555 | Vaults:3 | Identified the +0 chain mail "Ubyciu" {rElec Str+3}
 85559 | Vaults:3 | Identified the +4 sling of Wu Jian's Approval {freeze,
                  | Will+ Int+2}
 86394 | Vaults:3 | Reached skill level 21 in Fire Magic
 86989 | Vaults:3 | Found a staircase to the Crypt.
 86989 | Vaults:3 | Found an ancient bone altar of Kikubaaqudgha.
 86990 | Vaults:3 | Found a basalt altar of Yredelemnul.
 89111 | Vaults:4 | Identified the +0 scale mail of Complete Protection {rElec}
 89707 | Vaults:4 | Reached XP level 23. HP: 164/203 MP: 31/36
 89721 | Vaults:4 | Reached skill level 22 in Fire Magic
 89922 | Vaults:4 | Learned a level 9 spell: Fire Storm
 90016 | Vaults:5 | Entered Level 5 of the Vaults
 90026 | Vaults:5 | Reached skill level 10 in Spellcasting
 90460 | Vaults:5 | Noticed a dread lich
 90469 | Vaults:5 | Killed a dread lich
 90477 | Vaults:5 | Noticed Mara
 90609 | Vaults:5 | Noticed octoduck's illusion
 90615 | Vaults:5 | Noticed octoduck's illusion
 90619 | Vaults:5 | Killed Mara
 90904 | Vaults:5 | Noticed an ancient lich
 90904 | Vaults:5 | Noticed an ancient lich
 91640 | Slime:1  | Entered Level 1 of the Pits of Slime
 92353 | Slime:3  | Gained mutation: You are clumsy. (Dex -2) [a shining eye]
 92747 | Slime:5  | Entered Level 5 of the Pits of Slime
 92823 | Slime:5  | Gained mutation: You do not regenerate when monsters are
                  | visible. [a shining eye]
 93168 | Slime:5  | Reached XP level 24. HP: 208/212 MP: 29/39
 95256 | Slime:5  | Noticed the Royal Jelly
 95262 | Slime:5  | Killed the Royal Jelly
 95425 | Slime:5  | Identified the +3 leather armour "Jasyt" {*Corrode Str+4
                  | Int+3}
 95425 | Slime:5  | Identified the +1 robe of Sohav {rCorr}
 95429 | Slime:5  | Identified the +4 whip of the Ancients {vorpal, *Rage rCorr
                  | MP+9}
 95430 | Slime:5  | Identified the ring "Xonnecuj" {Wiz rF+ rN+ rCorr Dex-5}
 95465 | Slime:5  | Identified the +6 sling "Jellyslayer" {venom, Dex+4}
 95525 | Slime:5  | Got a slimy rune of Zot
 96155 | Vaults:5 | Noticed a dread lich
 96158 | Vaults:5 | Identified the ring "Wune" {rElec rPois Will+ Dex-2}
 96682 | Vaults:5 | Killed an ancient lich
 96832 | Vaults:5 | Learned a level 5 spell: Yara's Violent Unravelling
 97158 | Vaults:5 | Identified the +3 chain mail of Experimentation {+Inv
                  | Regen+ Str+4}
 97168 | Vaults:5 | Identified the +3 chain mail "Geulemm" {Int+3}
 97521 | Vaults:5 | Identified the +1 leather armour "Irutuott" {rElec}
 99074 | Vaults:5 | Found Xirezed's Magic Scroll Shoppe.
 99080 | Vaults:5 | Got a silver rune of Zot
 99088 | Vaults:5 | Bought a scroll of blinking for 127 gold pieces
 99536 | Zot:1    | Entered Level 1 of the Realm of Zot
 99777 | Zot:1    | Noticed a dread lich
 99934 | Depths:4 | Killed a dread lich
100573 | Depths:3 | Acquired 527 gold pieces
100682 | D:12     | Bought a potion of haste for 180 gold pieces
101719 | Zot:1    | Reached XP level 25. HP: 156/222 MP: 33/40
102297 | Zot:1    | Learned a level 5 spell: Fireball
102707 | Zot:1    | Noticed a dread lich
104418 | Zot:1    | Killed a dread lich
104486 | Zot:1    | Noticed an orb of fire
104487 | Zot:1    | Gained mutation: Your spells are a little easier to cast,
                  | but a little less powerful. [an orb of fire]
104502 | Zot:1    | Killed an orb of fire
104697 | Zot:1    | Noticed a Killer Klown
104702 | Zot:1    | Killed a Killer Klown
105731 | Zot:2    | Identified the +2 cloak of the Vacuum {Harm Rampage Int-2
                  | Dex-3}
105732 | Zot:2    | Identified the -2 cloak of Amorality {MP+9}
105733 | Zot:2    | Found a transporter.
105736 | Zot:2    | Found a bloodstained altar of Trog.
105736 | Zot:2    | Identified the +0 cloak of Miteigh {+Inv rC+ Will- Str+6}
105737 | Zot:2    | Noticed Varphup's ghost (legendary FoFi)
106243 | Zot:2    | Found a transporter.
106244 | Zot:2    | Identified the ring "Yrhefar" {rF+ Dex+5 SInv}
108021 | Zot:3    | Noticed an orb of fire
108022 | Zot:3    | Gained mutation: You occasionally lose the ability to read
                  | scrolls when taking damage. [an orb of fire]
108028 | Zot:3    | Killed an orb of fire
108075 | Zot:2    | Lost mutation: You do not regenerate when monsters are
                  | visible. [potion of mutation]
108075 | Zot:2    | Lost mutation: Your spells are a little easier to cast, but
                  | a little less powerful. [potion of mutation]
108075 | Zot:2    | Lost mutation: You occasionally lose the ability to read
                  | scrolls when taking damage. [potion of mutation]
108075 | Zot:2    | Gained mutation: You have a pair of small antennae on your
                  | head. [potion of mutation]
108075 | Zot:2    | Gained mutation: Your spells are a little easier to cast,
                  | but a little less powerful. [potion of mutation]
109263 | Zot:4    | Reached skill level 15 in Air Magic
109610 | Zot:4    | Found a runed translucent door.
109610 | Zot:4    | Noticed Alunk's ghost (legendary GnFi)
109618 | Zot:4    | Noticed a Killer Klown
110256 | Zot:3    | Reached skill level 15 in Spellcasting
110577 | Zot:4    | Killed a Killer Klown
110993 | Zot:4    | Identified the +1 leather armour of Minor Irritation {-Cast
                  | rPois rN+ Dex+3}
111071 | Zot:4    | Killed Alunk's ghost
111813 | Crypt:1  | Entered Level 1 of the Crypt
111931 | Crypt:1  | Reached XP level 26. HP: 212/233 MP: 26/42
112594 | Crypt:1  | Noticed Xtahua
112609 | Crypt:1  | Paralysed by a vampire knight for 3 turns
112992 | Crypt:1  | Killed Xtahua
113469 | Crypt:1  | Noticed Grunn
113926 | Crypt:1  | Killed Grunn
116960 | Crypt:2  | Noticed Margery
116976 | Crypt:2  | Killed Margery
117927 | Crypt:2  | Noticed Boris
117932 | Crypt:2  | Killed Boris
118410 | Crypt:2  | Noticed a dread lich
118416 | Crypt:2  | Killed a dread lich
118489 | Crypt:2  | Identified the +4 longbow of Recklessness {venom, Int+3
                  | SInv}
118489 | Crypt:2  | Identified the +4 chain mail "Paukh" {rC+ rN+}
118489 | Crypt:2  | Identified the +1 lajatang of the Desert {spect, rF++}
118532 | Crypt:2  | Noticed Bai Suzhen
118542 | Crypt:2  | Killed Bai Suzhen
119087 | Crypt:3  | Entered Level 3 of the Crypt
120917 | Crypt:3  | Noticed Boris
121015 | Crypt:3  | Killed Boris
121175 | Crypt:3  | Noticed an ancient lich
121226 | Crypt:3  | Killed an ancient lich
121297 | Crypt:3  | Found a staircase to the Tomb.
122144 | Crypt:3  | Found a basalt altar of Yredelemnul.
122418 | Crypt:3  | Learned a level 9 spell: Chain Lightning
122616 | Crypt:3  | Reached XP level 27. HP: 225/240 MP: 42/44
122909 | Crypt:3  | Identified the Verses on Ensorcelling
122912 | Crypt:3  | Noticed an ancient lich
122918 | Crypt:3  | Killed an ancient lich
124183 | Zot:5    | Entered Level 5 of the Realm of Zot
125012 | Zot:5    | Noticed an ancient lich
125028 | Zot:5    | Killed an ancient lich
125087 | Zot:5    | Noticed a dread lich
125088 | Zot:5    | Noticed an ancient lich
125112 | Zot:5    | Killed a dread lich
125119 | Zot:5    | Killed an ancient lich
125257 | Zot:5    | Noticed a dread lich
125264 | Zot:5    | Killed a dread lich
125358 | Zot:5    | Noticed an orb of fire
125779 | Zot:5    | Gained mutation: You passively dampen the noise of your
                  | surroundings. [an orb of fire]
125792 | Zot:5    | Gained mutation: You occasionally shout uncontrollably at
                  | your foes. [an orb of fire]
125793 | Zot:5    | Killed an orb of fire
126223 | Zot:5    | Noticed a dread lich
126224 | Zot:5    | Noticed an ancient lich
126235 | Zot:5    | Killed a dread lich
126236 | Zot:5    | Killed an ancient lich
127038 | Zot:5    | Noticed an orb of fire
127047 | Zot:5    | Killed an orb of fire
127435 | Zot:5    | Noticed a dread lich
127516 | Zot:5    | Noticed an ancient lich
127562 | Zot:5    | Killed a dread lich
127648 | Zot:5    | Reached skill level 15 in Shields
127701 | Zot:5    | Killed an ancient lich
127900 | Zot:5    | Noticed a dread lich
127914 | Zot:5    | Killed a dread lich
128659 | Zot:5    | Got the Orb of Zot
129126 | D:$      | Escaped with the Orb!

Illustrated notes

Levels and vault maps discovered:
D:1:      scummos_arrival_simple_fountains, layout_loops_ring,
          hellmonk_ecumenical_altar_prayer_group, grunt_decor_resistance
D:2:      layout_basic, basic_altar
D:3:      layout_loops_ring
D:4:      layout_loops_ring, grunt_temple_overflow_gold_and_silver
D:5:      old_forge, layout_loops_ring, serial_shops, nicolae_shop_stone,
          gammafunk_ghost_arena
D:6:      layout_loops_ring, minmay_overflow_temple_star_hex,
          nicolae_overflow_hallway_of_the_gods, gammafunk_ghost_necromancy,
          uniq_pikel
D:7:      layout_basic, minmay_temple_entry_gardened_gates,
          kennysheep_big_empty_room
D:8:      layout_cave_pools, chequers_ossuary_entry_cave,
          kennysheep_minor_cross, minmay_fractal_squares_gapless_5, uniq_joseph
D:9:      layout_stronghold, nicolae_ru_path_of_blood, orc_david_3,
          hangedman_decor_diamond_cutter
D:10:     layout_loops_ring, amcnicky_altar_gilded, uniq_josephine
D:11:     layout_basic, lair_entry_dummy
D:12:     layout_gridville, serial_shops, shop_statue, nicolae_shop_stone,
          nicolae_diamond_shop, shop, nicolae_shop_window_shopping
D:13:     layout_stronghold, david_vaults_3
D:14:     layout_grid_maze, serial_shops, nicolae_take_the_stairs,
          tso_metal_star
D:15:     gammafunk_enter_depths_forms, layout_stronghold, glass_columns_c,
          uniq_louise, uniq_kirke
Temple:   corrupted_temple
Lair:1:   layout_misc_corridors, uniq_amaemon
Lair:2:   layout_roguey, lemuel_oklob_altar, uniq_sonja
Lair:3:   mu_elephants_graveyard, layout_cave_pods, shoals_dummy_entry,
          guppyfry_snake_entry_island, uniq_gastronok
Lair:4:   layout_gridlike, slime_entry_1
Lair:5:   gammafunk_lair_ancient_temple, layout_cellular_growth
Shoals:1: layout_shoals, serial_shops, bzr_entry_lakeside, shop, shop, shop
Shoals:2: layout_shoals, uniq_ilsuiw, uniq_polyphemus, uniq_nikola
Shoals:3: layout_shoals, nicolae_shoals_land_atoll
Shoals:4: shoals_end_hangedman, layout_shoals, gammafunk_ghost_tricky_traps,
          ldierk_geyser, nicolae_shoals_loop_pool
Snake:1:  layout_gridlike, nicolae_integral_box
Snake:2:  layout_layer_cave, serial_nicolae_subway, nicolae_sub_station_crystal,
          nicolae_sub_station_metal, nicolae_sub_station_stone,
          lemuel_fruit_tree, minmay_shop_star, serial_bayou_shore_a,
          uniq_frances, uniq_aizul
Snake:3:  layout_basic, ebering_ghost_rock_garden, uniq_donald
Snake:4:  hellmonk_snake_rune_quicksilver_temple, layout_cave_town,
          fake_guardian_serpent_vault
Slime:1:  layout_caves
Slime:2:  layout_caves, nicolae_slime_round_cave
Slime:3:  layout_caves
Slime:4:  layout_caves
Slime:5
Orc:1:    layout_caves
Orc:2:    grunt_orc_community_town_hall, layout_diamond_mine,
          grunt_orc_community_big_house_2, grunt_orc_community_big_house_2,
          grunt_orc_community_house_1, grunt_orc_community_house_1,
          grunt_orc_community_house_2, grunt_orc_community_house_3,
          serial_shops, shop_fountains, mines_bat_river
Elf:1:    nicolae_elf_arrival_fired_up, layout_geoelf_octagon, serial_shops,
          shop, nicolae_shop_overgrown_old_shop, minmay_elf_demonology,
          nicolae_elf_hall_of_bonks
Elf:2:    nicolae_elf_blades_splatter_lattice
          [nicolae_blade_entry_sentries_behind_glass], layout_loops_cross,
          serial_glass, glass_columns_b, glass_columns_a, item_on_display_b,
          minmay_strange_pillars, serial_shops, shop
Elf:3:    minmay_elf_hall_x, layout_loops_corners, due_unseen_surprise
Vaults:1: v_misc_4, vaults_dpeg_hooks, v_alt_pattern_3, serial_ice_g,
          ontoclasm_vaults_idyll, nicolae_vaults_triangles, v_misc_25, v_misc_1,
          ontoclasm_vaults_claustrophobia, nicolae_vaults_little_squares_3,
          v_misc_27, ontoclasm_vaults_idyll, ontoclasm_vaults_misaligned,
          hangedman_vaults_capsules, layout_vaults_ring, serial_shops,
          nicolae_shop_bloodbath_and_beyond, uniq_saint_roka
Vaults:2: nicolae_vaults_little_squares_4, vaults_dpeg_doors, v_alt_pattern_5,
          vaults_dpeg_cross, grunt_vaults_focal, ontoclasm_vaults_idyll,
          v_misc_17, vaults_mumra_minichess, vaults_room_semicircle,
          hangedman_vaults_locks, v_misc_3, nicolae_vaults_circle_grid_a,
          ontoclasm_vaults_loading_screen, grunt_vaults_funnel,
          ontoclasm_vaults_ligature, layout_vaults_maze
Vaults:3: vaults_dpeg_encased_lava, grunt_vaults_funneled_arena, v_rooms_1,
          dpeg_vaults_monster_row, minmay_crypt_entry_necro_gods,
          vaults_room_corners, vaults_dpeg_ring, layout_vaults_chaotic_city
Vaults:4: v_rooms_6, v_misc_17, nicolae_vaults_little_squares_4,
          nicolae_vaults_network_barrier, vaults_room_semicircle, v_pattern_2,
          hangedman_vaults_maws, ontoclasm_vaults_eye, v_misc_9,
          nicolae_vaults_rhombus_7, ontoclasm_vaults_idyll,
          layout_vaults_omnicross
Vaults:5: uniq_mara
Crypt:1:  layout_chaotic_city, grunt_crypt_arrival_guarded_gate, uniq_grunn,
          uniq_xtahua
Crypt:2:  layout_gridlike, serial_sigils_hangedman_confine,
          beargit_elvish_explorers, grunt_megastairs_1, uniq_josephina,
          uniq_boris, uniq_margery, uniq_bai_suzhen
Crypt:3:  church_of_pain_bobbens, layout_chaotic_city,
          nicolae_tomb_entry_grand_gallery, nicolae_crypt_ancient_font,
          hangedman_weighted_door, st_chilly_death
Depths:1: layout_cave_shapes, enter_ziggurat_d,
          nicolae_kikubaaqudgha_miasma_corner, hangedman_coc_ice_floe,
          grunt_decor_clamped, eat_drink_and_be_merry_uskayaw
Depths:2: regret_index_uskayaw_diablada_macabre, layout_gridville,
          grunt_mini_vestibule, chequers_big_river, pan_entry,
          hangedman_corner_corridor, uniq_sojobo
Depths:3: minmay_complete_graph, layout_cave_pools, grunt_hell_entry_dis_old,
          abyss_entry_crystal, nicolae_vehumet_radiance
Depths:4: evilmike_zot_entry_diamond, layout_gridville, hangedman_geh_valley,
          minmay_tree_intersection, minmay_shoptagon, uniq_mennas
Zot:1:    hellmonk_paralyzer, layout_twisted_circle, hangedman_player_shredder
Zot:2:    layout_gridlike, gammafunk_ghost_wrathful_warriors
Zot:3:    layout_misc_corridors, st_stairs_5, grunt_megastairs_5
Zot:4:    layout_misc_corridors, ebering_ghost_inner_flame, grunt_megastairs_2
Zot:5:    layout_gridlike

Skill      XL: |  1  2  3  4  5  6  7  8  9 10 11 12 13 14 15 16 17 18 19 20 21 22 23 24 25 26 27 |
---------------+----------------------------------------------------------------------------------+-----
Conjurations   | 5 6 7 8 9 10 11 14 15 16 17 18 | 18.8
Hexes          | 1 2 3 5 |  5.0
Fighting       | 3 4 9 12 15 16 18 | 18.4
Air Magic      | 4 6 9 10 11 16 19 21 | 21.3
Long Blades    | 3 7 9 10 12 13 | 13.7
Dodging        | 5 8 9 11 12 13 | 13.2
Spellcasting   | 5 6 7 9 12 13 15 17 | 17.0
Shields        | 2 7 8 10 15 | 15.6
Ice Magic      | 2 7 8 12 13 | 13.2
Evocations     | 6 |  6.8
Transmutations | 5 8 |  8.0
Necromancy     | 5 |  5.5
Fire Magic     | 10 15 19 21 22 | 22.9
Translocations | 1 |  1.9
Stealth        | |  1.7

Action                   |  1- 3 |  4- 6 |  7- 9 | 10-12 | 13-15 | 16-18 | 19-21 | 22-24 | 25-27 || total
-------------------------+-------+-------+-------+-------+-------+-------+-------+-------+-------++-------
Melee: Spear             |    20 |    14 |    36 |       |       |       |       |       |       ||    70
       Tailslap          |     1 |       |     6 |    30 |    95 |    46 |   143 |   181 |   278 ||   780
       Double sword      |       |       |    31 |   288 |   527 |   278 |   581 |   534 |   835 ||  3074
       Punch             |       |       |       |     1 |       |       |       |       |       ||     1
       Bite              |       |       |       |       |    45 |    36 |   126 |   145 |   215 ||   567
 Cast: Magic Dart        |    55 |    55 |    58 |    93 |    77 |       |       |       |       ||   338
       Searing Ray       |     2 |    16 |    33 |    20 |     3 |     4 |       |       |       ||    78
       Fulminant Prism   |       |       |    24 |    74 |    71 |     9 |    13 |     5 |       ||   196
       Mephitic Cloud    |       |       |    11 |    22 |     6 |       |       |       |       ||    39
       Freezing Cloud    |       |       |       |    18 |   115 |   194 |   120 |    71 |    41 ||   559
       Swiftness         |       |       |       |     7 |    10 |     5 |     4 |     2 |     6 ||    34
       Orb of Destructio |       |       |       |       |    43 |   163 |   181 |   170 |   291 ||   848
       Airstrike         |       |       |       |       |    24 |    85 |   163 |   164 |   306 ||   742
       Irradiate         |       |       |       |       |       |     4 |    20 |    21 |    26 ||    71
       Flame Wave        |       |       |       |       |       |       |     5 |    16 |     8 ||    29
       Fire Storm        |       |       |       |       |       |       |       |    27 |    18 ||    45
       Blink             |       |       |       |       |       |       |       |     4 |    12 ||    16
       Fireball          |       |       |       |       |       |       |       |       |    61 ||    61
       Yara's Violent Un |       |       |       |       |       |       |       |       |    39 ||    39
       Chain Lightning   |       |       |       |       |       |       |       |       |     8 ||     8
Invok: Curse Item        |       |       |     2 |     5 |     2 |     2 |     1 |     2 |       ||    14
       Shatter the Chain |       |       |       |       |     1 |     2 |     3 |       |       ||     6
 Abil: Breathe Acid      |       |       |     6 |     4 |     9 |     3 |     8 |     4 |    10 ||    44
Evoke: Wand              |       |       |       |     2 |     6 |     1 |       |     5 |     2 ||    16
  Use: Scroll            |     8 |     5 |     5 |     2 |     1 |     7 |     2 |     9 |    13 ||    52
       Potion            |       |       |     2 |       |       |       |       |    16 |    14 ||    32
 Stab: Sleeping          |       |       |     1 |     1 |     1 |     4 |     3 |     1 |     4 ||    15
       Confused          |       |       |       |     4 |     3 |       |       |       |       ||     7
       Distracted        |       |       |       |     1 |       |       |       |     1 |     5 ||     7
       Petrified         |       |       |       |       |     2 |       |       |       |       ||     2
       Invisible         |       |       |       |       |       |       |       |     2 |       ||     2
Armor: Skin              |     4 |     4 |    65 |   131 |   198 |    89 |   146 |   122 |   208 ||   967
Dodge: Dodged            |    10 |    10 |    96 |   261 |   375 |   198 |   402 |   397 |   565 ||  2314
Block: Kite shield       |       |       |       |    95 |   448 |   212 |   450 |   427 |   664 ||  2296
       Reflection        |       |       |       |       |       |       |    45 |    47 |    23 ||   115
       Rpst.: Double sword |       |       |       |       |       |       |   132 |   176 |   287 ||   595
